 Dungeon Crawl Stone Soup version 0.23.2-40-g277498a001 (webtiles) character file.

Game seed: 13501070198986718801

15743 Frank2 the Cleaver (level 11, -3/92 HPs)
             Began as a Demigod Gladiator on Sept 10, 2019.
             Slain by a 20-headed hydra (10 damage)
             ... on level 3 of the Lair of Beasts.
             The game lasted 00:23:05 (12584 turns).

Frank2 the Cleaver (Demigod Gladiator)             Turns: 12584, Time: 00:23:05

Health: -3/92      AC: 13    Str: 17    XL:     11   Next: 73%
Magic:  0/17       EV: 16    Int: 12    God:
Gold:   702        SH:  0    Dex: 23    Spells: 10/10 levels left

rFire    + . .     SeeInvis .   a - +1 war axe (vamp)
rCold    + . .     Gourm    .   (no shield)
rNeg     . . .     Faith    .   e - +1 ring mail
rPois    .         Spirit   +   h - +2 hat
rElec    .         Reflect  .   t - scarf {rC+ rF+}
rCorr    +         Harm     .   y - +0 pair of gloves
MR       +....                  r - +1 pair of boots
Stlth    +.........             k - amulet of guardian spirit
HPRegen  0.25/turn              j - ring of resist corrosion
MPRegen  0.15/turn              (no ring)

@: lethally poisoned (-3 -> -27)
A: high mp 1
a: no special abilities


You were on level 3 of the Lair of Beasts.
You were not hungry.

You visited 2 branches of the dungeon, and saw 16 of its levels.
You also visited: Sewer.

You collected 702 gold pieces.

Inventory:

Hand Weapons
 a - a +1 vampiric war axe (weapon)
Missiles
 I - a throwing net (quivered)
Armour
 c - a +0 helmet
 e - a +1 ring mail (worn)
 h - a +2 hat (worn)
 r - a +1 pair of boots (worn)
 t - a scarf of resistance (worn)
 y - a +0 pair of gloves (worn)
Jewellery
 j - a ring of resist corrosion (left hand)
 k - an amulet of guardian spirit (around neck)
 B - a cursed ring of ice
Wands
 d - a wand of digging (5)
 s - a wand of iceblast (1)
 z - a wand of paralysis (9)
 H - a wand of enslavement (7)
Scrolls
 g - 7 scrolls of remove curse
 m - 3 scrolls of identify
 n - 3 scrolls of amnesia
 o - 3 scrolls of fear
 w - 2 scrolls of fog
 F - a scroll of enchant armour
 K - a scroll of enchant weapon
Potions
 b - a potion of magic
 i - a potion of curing
 l - 2 potions of heal wounds
 p - 3 potions of lignification
 q - a potion of might
 u - a potion of haste
 v - 2 potions of flight
 x - a potion of cancellation
 A - a potion of mutation
 G - a potion of resistance
 J - a potion of invisibility
Comestibles
 f - 27 rations


   Skills:
 + Level 7.6 Fighting
 + Level 12.2 Axes
 - Level 1.7 Throwing
 * Level 8.7 Armour
 + Level 6.2 Dodging
 * Level 4.2 Evocations


You had 10 spell levels left.
You didn't know any spells.
Your spell library contained the following spells:

 Spells                   Type           Power        Failure   Level  Hunger
 Blink                    Tloc           N/A          63%         2    ###....
 Shroud of Golubria       Chrm/Tloc      #.........   63%         2    ###....
 Gell's Gravitas          Tloc           #.........   86%         3    ####...
 Lesser Beckoning         Tloc           #.........   86%         3    ####...
 Teleport Other           Tloc           #.......     86%         3    ####...
 Cause Fear               Hex            #.........   99%         4    #####..
 Passage of Golubria      Tloc           N/A          99%         4    #####..
 Silence                  Hex/Air        #.........   100%        5    ######.
 Yara's Violent Unravell  Hex/Tmut       #.........   100%        5    ######.
 Deflect Missiles         Chrm/Air       #.........   100%        6    #######
 Discord                  Hex            #.........   100%        8    #######


Dungeon Overview and Level Annotations

Branches:
Dungeon (13/15)            Temple (0/1) D:6            Lair (3/6) D:10
  Swamp (0/4) Lair:3        Snake (0/4) Lair:3
    Orc: D:9-12      Vaults: D:13-14

Shops:
D:6 :   D:13 [[

Annotations:
D:11 Fannar


Innate Abilities, Weirdness & Mutations

You have an increased reservoir of magic. (+10% MP)


Message History

The 20-headed hydra is heavily wounded.
You slash the spiny frog!
You feel better.
You hit the plant.
You feel sick.
The 20-headed hydra is no longer paralysed.
The 20-headed hydra bites you.
The 20-headed hydra bites you but does no damage.
The 20-headed hydra bites you.
The 20-headed hydra bites you but does no damage.
The 20-headed hydra bites you! x3
* * * LOW HITPOINT WARNING * * *
The 20-headed hydra bites you but does no damage. x3
The 20-headed hydra completely misses you.
The 20-headed hydra closely misses you. x2; The 20-headed hydra bites you.
* * * LOW HITPOINT WARNING * * *
The 20-headed hydra misses you. The 20-headed hydra bites you!
* * * LOW HITPOINT WARNING * * *
The 20-headed hydra bites you.
* * * LOW HITPOINT WARNING * * *
The 20-headed hydra bites you but does no damage.
The 20-headed hydra bites you!
You die...

#..P# #P..#.. .....#.
........^...$..# ...
...........#....P# .....
........<.........# #.....
..............#...# ......
...............P..##......
...............DP........#
.......@F.....#
..#..........##
...........### #
$...............###### #..
................##...#....
..............##.........#
..............#.#........#
..............#...#......#
.
.................P##.#####


You could see a 20-headed hydra and a spiny frog.

Vanquished Creatures
  Harold (D:7)
  A centaur warrior (D:13)
  An unseen horror (D:10)
  Pikel (D:9)
  Joseph (D:9)
  2 black mambas (Lair:3)
  5 spiny frogs
  2 komodo dragons (Lair:2)
  4 kobold demonologists (D:11)
  2 polar bears (Lair:3)
  Grinder (D:5)
  A hippogriff (Lair:2)
  4 yaks (D:10)
  2 hungry ghosts
  2 vampire mosquitoes (D:12)
  A steam dragon (D:7)
  8 water moccasins
  6 insubstantial wisps (Lair:3)
  8 porcupines
  2 sky beasts (D:6)
  Purgy (Sewer)
  2 black bears
  An ice beast (D:10)
  3 slaves (D:9)
  5 ogres
  9 centaurs
  6 wolves (Lair:1)
  6 crocodiles
  2 big kobolds
  11 bullfrogs
  A water moccasin zombie (D:7)
  A scorpion (D:8)
  8 wights
  5 howler monkeys
  3 centaur zombies
  A bullfrog zombie (D:13)
  4 crimson imps
  2 quasits
  An orc priest (D:11)
  A jelly (D:11)
  4 hounds
  Crazy Yiuf (D:7)
  2 bullfrog skeletons (D:7)
  2 iguanas (D:5)
  An orc wizard (D:4)
  2 worker ants (D:7)
  A hound zombie (D:11)
  A worker ant zombie (D:6)
  8 gnolls
  18 adders
  2 shadow imps
  3 oozes
  3 adder skeletons
  2 adder zombies (D:7)
  2 worms
  6 dart slugs
  4 leopard geckos
  16 orcs
  2 ball pythons (Lair:3)
  6 bats
  8 giant cockroaches
  6 goblins
  3 hobgoblins (D:1)
  14 jackals
  4 quokkas
  14 frilled lizards
  19 kobolds
  A leopard gecko zombie (D:6)
  A quokka skeleton (D:4)
  A quokka zombie (D:8)
  10 rats
295 creatures vanquished.

Vanquished Creatures (others)
  A crocodile (Lair:3)
  A bullfrog skeleton (D:9)
2 creatures vanquished.

Grand Total: 297 creatures vanquished

Notes
Turn   | Place    | Note
-------+----------+-------------------------------------------
     0 | D:1      | Frank2 the Demigod Gladiator began the quest for the Orb.
     0 | D:1      | Reached XP level 1. HP: 17/17 MP: 3/3
   107 | D:1      | Reached XP level 2. HP: 16/24 MP: 4/4
   148 | D:1      | Reached skill level 3 in Axes
   494 | D:1      | Reached skill level 1 in Armour
   504 | D:1      | Reached XP level 3. HP: 29/29 MP: 5/5
   873 | D:2      | Found a snail-covered altar of Cheibriados.
  1072 | D:2      | Reached XP level 4. HP: 35/36 MP: 6/6
  1959 | D:3      | Reached skill level 4 in Axes
  2094 | D:3      | Reached XP level 5. HP: 42/42 MP: 7/7
  2318 | D:4      | Found a glowing drain.
  2335 | Sewer    | Entered a sewer
  2395 | Sewer    | Noticed Purgy
  2415 | Sewer    | Killed Purgy
  2415 | Sewer    | Reached XP level 6. HP: 31/50 MP: 0/8
  2725 | D:4      | Reached skill level 5 in Axes
  2898 | D:4      | Found a stormy altar of Qazlal.
  3253 | D:5      | Entered Level 5 of the Dungeon
  3442 | D:5      | Reached XP level 7. HP: 24/57 MP: 6/9
  3625 | D:5      | Noticed Grinder
  3654 | D:5      | Paralysed by Grinder for 6 turns
  3661 | D:5      | Killed Grinder
  3661 | D:5      | Reached skill level 6 in Axes
  4462 | D:6      | Reached XP level 8. HP: 63/66 MP: 8/10
  4520 | D:6      | Reached skill level 7 in Axes
  4645 | D:6      | Reached skill level 5 in Armour
  4753 | D:6      | Found a staircase to the Ecumenical Temple.
  4835 | D:6      | Found Bigoq's Book Boutique.
  5532 | D:7      | Reached skill level 8 in Axes
  5701 | D:7      | Noticed Harold
  5702 | D:7      | Reached XP level 9. HP: 20/73 MP: 2/11
  5988 | D:7      | Killed Harold
  5988 | D:7      | Reached skill level 5 in Fighting
  5988 | D:7      | Reached skill level 9 in Axes
  6344 | D:7      | Found a runed translucent door.
  6345 | D:7      | Noticed Crazy Yiuf
  6827 | D:7      | Killed Crazy Yiuf
  7407 | D:9      | Noticed Pikel
  7422 | D:9      | Killed Pikel
  7422 | D:9      | Reached skill level 5 in Dodging
  7466 | D:9      | Found a shadowy altar of Dithmenos.
  7525 | D:9      | Noticed Joseph
  7551 | D:9      | Killed Joseph
  7633 | D:9      | Reached XP level 10. HP: 60/83 MP: 13/13
  7635 | D:9      | Reached skill level 10 in Axes
  7677 | D:9      | You fall through a shaft for 2 floors!
  7684 | D:11     | Noticed a six-headed hydra
  7702 | D:10     | Entered Level 10 of the Dungeon
  7803 | D:10     | You fall through a shaft for 3 floors!
  7812 | D:13     | Found Benwazxi's Armour Boutique.
  7834 | D:13     | Noticed a centaur warrior
  7848 | D:13     | Killed a centaur warrior
  7865 | D:13     | Found Gitodd's Armour Boutique.
  7887 | D:13     | Noticed a manticore
  8089 | D:12     | Noticed a deep elf mage
  8533 | D:11     | Reached skill level 1 in Evocations
  8552 | D:11     | Reached skill level 11 in Axes
  8554 | D:11     | Noticed Fannar
  9464 | D:10     | Killed an unseen horror
  9464 | D:10     | Reached XP level 11. HP: 80/91 MP: 15/15
  9503 | D:10     | Found a staircase to the Lair.
  9862 | Lair:1   | Entered Level 1 of the Lair of Beasts
 11583 | Lair:3   | Found a staircase to the Snake Pit.
 11646 | Lair:2   | Reached skill level 12 in Axes
 12290 | Lair:3   | Found a staircase to the Swamp.
 12324 | Lair:3   | Noticed a six-headed hydra
 12329 | Lair:3   | Noticed a death yak
 12330 | Lair:3   | Noticed a death yak
 12332 | Lair:3   | Noticed a death yak
 12584 | Lair:3   | Slain by a 20-headed hydra

Skill      XL: |  1  2  3  4  5  6  7  8  9 10 11 |
---------------+----------------------------------+-----
Axes           | 3 4 5 6 8 9 11 12 | 12.2
Dodging        | 3 4 5 6 |  6.2
Fighting       | 2 3 4 5 6 7 |  7.6
Armour         | 1 2 3 4 5 6 7 8 |  8.7
Evocations     | 2 4 |  4.2
Throwing       | |  1.7

Action                   |  1- 3 |  4- 6 |  7- 9 | 10-12 || total
-------------------------+-------+-------+-------+-------++-------
Melee: War axe           |    98 |   185 |   416 |   520 ||  1219
Throw: Throwing net      |       |     4 |     4 |       ||     8
Evoke: Wand              |       |       |       |     7 ||     7
  Use: Scroll            |     1 |     7 |    12 |    18 ||    38
       Potion            |       |     1 |     5 |    11 ||    17
 Stab: Held in net/web   |       |     2 |     4 |       ||     6
       Sleeping          |       |     1 |       |     2 ||     3
       Paralysed         |       |       |       |    24 ||    24
       Invisible         |       |       |       |    16 ||    16
  Eat: Chunk             |       |     8 |     8 |    11 ||    27
       Ration            |       |       |     2 |     3 ||     5
Armor: Ring mail         |    49 |    75 |   159 |   216 ||   499
Dodge: Dodged            |    69 |   180 |   351 |   491 ||  1091
